 Dungeon Crawl Stone Soup version 0.31-a0-155-gb63f529262 (webtiles) character file.

Game seed: 10585666485234182442

295946 Majang the Eclecticist (level 20, -15/117 HPs)
             Began as a Gargoyle Earth Elementalist on June 11, 2023.
             Was the Champion of Vehumet.
             Killed from afar by a tengu reaver (31 damage)
             ... with a bolt of acid
             ... on level 3 of the Vaults on June 12, 2023.
             The game lasted 05:04:27 (52726 turns).

Majang the Eclecticist (GrEE)                      Turns: 52726, Time: 05:04:28

Health: -15/117    AC: 26    Str: 17    XL:     20   Next: 89%
Magic:  32/40      EV: 15    Int: 33    God:    Vehumet [******]
Gold:   1961       SH:  8    Dex: 10    Spells: 3/52 levels left

rFire   + + .        a - staff of earth
rCold   . . .        O - +3 buckler {reflect}
rNeg    + . .        N - +2 robe {rC+ rF+}
rPois   ∞            E - +1 helmet
rElec   +            q - +1 cloak
rCorr   .            S - +3 pair of gauntlets of War {Slay+5}
SInv    .            b - +2 pair of boots
Will    +....        V - amulet of Ojev {Fly Regen+ Str+5 Int+2}
Stlth   ++           w - +6 ring of intelligence
HPRegen 1.19/turn    B - ring of fire
MPRegen 0.27/turn

%: reflection
@: corroded, flying, studying Necromancy
A: sickness immunity, AC +15, big wings, negative energy resistance 1,
electricity resistance, torment resistance 1, petrification resistance
}: 2/15 runes: serpentine, barnacled
a: Renounce Religion


You were on level 3 of the Vaults.
You worshipped Vehumet.
Vehumet was exalted by your worship.
You visited 8 branches of the dungeon, and saw 36 of its levels.
You also visited: Gauntlet and Ice Cave.

You collected 4195 gold pieces.
You spent 2234 gold pieces at shops.

Inventory:

Missiles
 J - 9 javelins
Armour
 b - a +2 pair of boots (worn)
 q - a +1 cloak (worn)
 v - a +2 robe of willpower
 E - a +1 helmet (worn)
 N - a +2 robe of resistance (worn)
 O - a +3 buckler of reflection (worn)
 S - the +3 pair of gauntlets of War (worn) {Slay+5}
   (You found it in an ice cave)

   Slay:      It affects your accuracy & damage with ranged weapons and melee
   (+5).
 U - +1 acid dragon scales
Magical Staves
 a - a staff of earth (weapon)
Jewellery
 p - a ring of see invisible
 r - a ring of magical power
 w - a +6 ring of intelligence (left hand)
 y - a ring of protection from cold
 B - a ring of fire (right hand)
 V - the amulet of Ojev (around neck) {Fly Regen+ Str+5 Int+2}
   (You found it on level 14 of the Dungeon)

   [amulet of regeneration]

   Str:       It affects your strength (+5).
   Int:       It affects your intelligence (+2).
   Fly:       It grants you flight.
   Regen:     It increases your rate of health regeneration.
Wands
 e - a wand of roots (19)
 D - a wand of light (15)
 Q - a wand of digging (11)
Scrolls
 j - 4 scrolls of amnesia
 k - 2 scrolls of immolation
 n - 8 scrolls of magic mapping
 o - 8 scrolls of teleportation
 u - 6 scrolls of poison
 A - 6 scrolls of fear
 F - 2 scrolls of enchant armour
 I - 2 scrolls of blinking
 L - 5 scrolls of fog
 M - 3 scrolls of summoning
Potions
 d - 6 potions of mutation
 f - 5 potions of haste
 g - 4 potions of might
 h - 3 potions of brilliance
 i - 15 potions of curing
 l - 3 potions of heal wounds
 m - a potion of invisibility
 t - 6 potions of enlightenment
 z - 3 potions of resistance
 H - 2 potions of cancellation
 R - 3 potions of ambrosia
 W - 2 potions of magic
Miscellaneous
 c - a condenser vane
 s - a phantom mirror


   Skills:
 - Level 10.0 Fighting
 - Level 12.0 Staves
 - Level 10.0 Dodging
 - Level 2.1 Stealth
 - Level 6.0 Shields
 * Level 16.8 Spellcasting
 + Level 15.7 Conjurations
 - Level 0.7 Transmutations
 * Level 16.0 Fire Magic
 + Level 15.8 Earth Magic
 - Level 10.0 Evocations


You had 3 spell levels left.
You knew the following spells:

 Your Spells              Type           Power      Damage    Failure   Level
a - Leda's Unmaking       Conj/Erth      57%        9d9       1%          6
b - Lehudib's Crystal Sp  Conj/Erth      57%        10d13     4%          8
c - Fireball              Conj/Fire      57%        3d22      1%          5
i - Ignition              Fire           58%        3d16      4%          8
l - Lee's Rapid Deconstr  Erth           57%        3d27*     1%          5
n - Sticky Flame          Conj/Fire      100%       2d11      1%          4
r - Irradiate             Conj/Tmut      35%        3d23      1%          5
s - Starburst             Conj/Fire      57%        6d15      1%          6
w - Passwall              Tmut/Erth      74%        N/A       1%          2

Your spell library contained the following spells:

 Spells                   Type           Power      Damage    Failure   Level
 Shatter                  Erth           57%        3d43*     52%         9
 Maxwell's Capacitive Co  Air            13%        ∞         100%        8
 Magic Dart               Conj           100%       1d8       0%          1
 Sandblast                Erth           100%       2d20      0%          1
 Stone Arrow              Conj/Erth      100%       3d13      0%          3
 Beastly Appendage        Tmut           64%        N/A       1%          1
 Freeze                   Ice            100%       1d10      1%          1
 Kiss of Death            Conj/Necr      100%       2d13      1%          1
 Necrotise                Necr           100%       1d9       1%          1
 Poisonous Vapours        Pois/Air       54%        N/A       1%          2
 Wereblood                Tmut           32%        N/A       1%          2
 Dazzling Flash           Conj/Hex       100%       N/A       1%          3
 Frozen Ramparts          Ice            54%        1d9       1%          3
 Hailstorm                Conj/Ice       68%        3d14      1%          3
 Mephitic Cloud           Conj/Pois/Air  58%        N/A       1%          3
 Volatile Blastmotes      Fire/Tloc      100%       2d18      1%          3
 Call Imp                 Summ           54%        N/A       2%          2
 Spider Form              Tmut/Pois      30%        N/A       4%          3
 Call Canine Familiar     Summ           27%        N/A       5%          3
 Confusing Touch          Hex            27%        N/A       5%          3
 Ozocubu's Armour         Ice            27%        N/A       5%          3
 Portal Projectile        Hex/Tloc       54%        N/A       5%          3
 Tukima's Dance           Hex            27%        N/A       5%          3
 Vampiric Draining        Necr           27%        2d7       5%          3
 Vhi's Electric Charge    Tloc/Air       54%        N/A       5%          3
 Flame Wave               Conj/Fire      100%       2d21      1%          4
 Leda's Liquefaction      Hex/Erth       44%        N/A       1%          4
 Petrify                  Tmut/Erth      89%        N/A       1%          4
 Arcjolt                  Conj/Air       34%        1d44      1%          5
 Freezing Cloud           Conj/Ice/Air   29%        6-21      1%          5
 Iskenderun's Battlesphe  Conj           93%        2d14      1%          5
 Orb of Destruction       Conj           46%        9d12      1%          7
 Plasma Beam              Fire/Air       44%        2x1d58    2%          6
 Conjure Ball Lightning   Conj/Air       34%        3x3d11    3%          6
 Yara's Violent Unravell  Hex/Tmut       15%        3d8       11%         5
 Ice Form                 Ice/Tmut       30%        N/A       16%         4
 Spellforged Servitor     Conj/Summ      34%        N/A       16%         7
 Dispel Undead            Necr           27%        3d13      17%         4
 Manifold Assault         Tloc           27%        N/A       17%         4
 Blade Hands              Tmut           16%        N/A       34%         5
 Agony                    Necr           27%        N/A       43%         5
 Silence                  Hex/Air        13%        N/A       43%         5
 Dispersal                Tloc           13%        N/A       95%         6
 Ozocubu's Refrigeration  Ice            13%        4d10      96%         7
 Dragon Form              Tmut           16%        N/A       100%        7
 Disjunction              Tloc           13%        N/A       100%        8
 Chain Lightning          Conj/Air       34%        3d45      100%        9
 Sublimation of Blood     Necr           Unusable   N/A       N/A         2
 Statue Form              Tmut/Erth      Unusable   N/A       N/A         6

Dungeon Overview and Level Annotations

Branches:
Dungeon (15/15)            Temple (1/1) D:4            Lair (5/5) D:11
 Shoals (4/4) Lair:3        Snake (4/4) Lair:2        Slime (0/5) Lair:4
    Orc (2/2) D:9             Elf (2/3) Orc:2        Vaults (3/5) D:13
  Crypt (0/3) Vaults:2     Depths (0/4) D:15          IceCv (visited)
Gauntlet (visited)

Altars:
Ashenzari
Cheibriados
Dithmenos
Elyvilon
Fedhas
Gozag
Hepliaklqana
Kikubaaqudgha
Makhleb
Nemelex Xobeh
Okawaru
Qazlal
Ru
Sif Muna
Trog
Uskayaw
Vehumet
Wu Jian
Xom
Yredelemnul
Zin
The Shining One

Shops:
D:1 *   D:2 ([   D:9 [   Orc:1 **=*   Orc:2 [(:=   Elf:1 :   Shoals:2 :
Shoals:4 :   Snake:3 [:!   Vaults:2 [

Portals:
Bazaar: Snake:2
Trove: D:12 (give 2 scrolls of acquirement)

Annotations:
D:7 1 runed translucent door, PirateVox's ghost, novice TrSu
D:13 1 runed translucent door
Lair:4 1 runed translucent door
Orc:1 3 runed translucent doors, Elmgren's ghost, novice MiBe
Elf:1 2 transporters, Deamich's ghost, journeyman DsBr


Innate Abilities, Weirdness & Mutations

You are immune to sickness and miasma.
Your stone body is resilient. (AC +15)
You are immune to poison.
Your large and strong wings let you fly.
You resist negative energy. (rN+)
You are resistant to electric shocks. (rElec)
You are resistant to unholy torment.
You are immune to petrification.


Message History

The tengu reaver attacks as you move away!
The tengu reaver hits you with a +4 great sword of electrocution!!
The tengu reaver pecks you but does no damage.
You block the tengu reaver's attack.
Casting: Lee's Rapid Deconstruction (safe; 1% risk of failure)
Confirm with . or Enter, or press ? or * to list all spells.
Aiming: Lee's Rapid Deconstruction (safe; 1% risk of failure)
Press: ? - help, Dir - move target A metal wall.
You feel a surge of power!
The metal wall shatters!
The blast of metal fragments hits the tengu reaver!!!
The tengu reaver is heavily wounded.
You hear a shout!
The tengu reaver gestures at you while chanting.
The bolt of acid hits you!
Casting: Lee's Rapid Deconstruction (safe; 1% risk of failure)
Confirm with . or Enter, or press ? or * to list all spells.
Aiming: Lee's Rapid Deconstruction (safe; 1% risk of failure)
Press: ? - help, Dir - move target A metal wall.
You feel a surge of power!
The metal wall shatters!
The blast of metal fragments hits the tengu reaver!!!
The tengu reaver is almost dead.
The tengu reaver points at you and mumbles some strange words.
The bolt of acid hits you!!
* * * LOW HITPOINT WARNING * * *
A tengu reaver comes into view.
It is wielding a +2 long sword of flaming.
Casting: Lee's Rapid Deconstruction (safe; 1% risk of failure)
Confirm with . or Enter, or press ? or * to list all spells.
Aiming: Lee's Rapid Deconstruction (safe; 1% risk of failure)
Press: ? - help, Dir - move target A metal wall.
You feel a surge of power!
The metal wall shatters!
The blast of metal fragments hits the tengu reaver!!!
You kill the tengu reaver!
Vehumet accepts your kill.
You feel your power returning.
The tengu reaver gestures at you while chanting.
The bolt of acid hits you!!
You die...

#..# #..#
#..# #..#
#..# #..#
# #..#
#Q#.##..#
+....)@.#
#.#.##..#
# #..#
#..# #..#
#..# #..#
#..#


You could see a tengu reaver.

Vanquished Creatures
  Nikola (Shoals:3)
  Jorgrun (Orc:2)
  Asterion (Snake:4)
  A lich (D:13)
  A deep elf blademaster (Elf:2)
  2 sphinxes
  Polyphemus (Shoals:2)
  2 tengu reavers
  An azure jelly (IceCv)
  5 nagarajas
  Donald (Shoals:4)
  A frost giant (Shoals:4)
  4 vault wardens
  8 ironbound preservers
  An orc warlord (Orc:1)
  3 quicksilver oozes (IceCv)
  A stone giant (Vaults:1)
  2 ironbound thunderhulks
  3 formless jellyfish
  A minotaur (Gauntlet)
  A deep elf annihilator (Elf:1)
  Azrael (D:13)
  13 dire elephants
  Snorg (D:13)
  A deep elf death mage (Elf:1)
  9 merfolk impalers
  2 merfolk javelineers (Shoals:4)
  2 yaktaur captains (Vaults:2)
  Josephine (Lair:4)
  5 vault guards (D:13)
  A great orb of eyes (Vaults:1)
  5 salamander tyrants
  A deep elf high priest (D:13)
  The ghost of Amenor the Arsonist, a journeyman OpFE of Sif Muna (D:13)
  4 ogre magi
  2 merfolk aquamancers (Shoals:4)
  6 hydras
  Erica (D:8)
  6 boulder beetles
  3 ironbound frosthearts
  3 catoblepae
  A merfolk avatar (Shoals:3)
  20 centaur warriors
  13 two-headed ogres
  4 anacondas (Snake:2)
  3 alligator snapping turtles
  2 satyrs
  23 dancing weapons
  14 naga warriors
  8 naga sharpshooters
  2 death yaks (Shoals:2)
  An orc high priest (Orc:1)
  Sonja (Lair:4)
  Urug (D:10)
  12 shock serpents
  15 deep elf knights
  Nergalle (Lair:1)
  A hell knight (D:13)
  2 goliath frogs (Lair:5)
  4 skysharks
  A fire crab (D:11)
  3 skeletal warriors (D:13)
  19 deep trolls
  2 salamander mystics
  11 sea snakes
  3 naga ritualists
  2 wizards
  11 harpies
  4 deep elf archers
  7 ironbound convokers
  5 lindwurms
  Pikel (D:8)
  6 cyclopes
  18 ugly things
  6 orc knights
  17 deep elf zephyrmancers
  2 necromancers
  13 fauns
  25 deep elf pyromancers
  A wolf spider (D:15)
  14 mana vipers
  20 manticores
  7 orc sorcerers
  9 salamanders
  11 vault sentinels
  A moth of wrath (Gauntlet)
  6 guardian serpents
  33 black mambas
  8 water nymphs
  3 ice statues (IceCv)
  An eye of devastation (Gauntlet)
  8 merfolk sirens
  11 elephants
  2 gargoyles
  A black mamba (shapeshifter) (D:13)
  11 naga magi
  Joseph (D:8)
  19 cane toads
  2 unseen horrors
  Psyche (D:8)
  A kobold demonologist (D:12)
  14 yaktaurs
  A freezing wraith (D:15)
  3 rime drakes
  6 komodo dragons
  A meliai (shapeshifter) (D:15)
  3 tyrant leeches (Lair:5)
  24 merfolk
  6 wind drakes
  7 trolls
  2 polar bears
  Prince Ribbit (D:8)
  9 dream sheep
  10 snapping turtles
  22 blink frogs
  An air elemental (Elf:2)
  2 centaur simulacra (D:15)
  3 wyverns
  A shadow (D:11)
  18 slime creatures
  A fire elemental (D:13)
  4 basilisks
  A vampire (D:13)
  9 wraiths
  33 yaks
  Grum (D:9)
  2 steam dragons
  12 water elementals
  14 vampire mosquitoes
  Edmund (D:4)
  A death yak simulacrum (D:13)
  A warg (Orc:1)
  An acid dragon (D:8)
  3 hell hounds (D:13)
  44 nagas
  14 water moccasins
  A floating eye (Gauntlet)
  An ice beast (D:7)
  A sky beast (D:7)
  A black bear (D:6)
  A meliai simulacrum (D:13)
  48 orc warriors
  6 great orb of eyes simulacra (IceCv)
  11 ogres
  23 wolves
  18 centaurs
  5 boggarts
  A slime creature simulacrum (IceCv)
  3 phantoms
  2 kobold brigands (D:9)
  An earth elemental (Elf:1)
  A two-headed ogre simulacrum (D:13)
  2 scorpions
  22 bullfrogs
  A glowing shapeshifter simulacrum (IceCv)
  3 gnoll sergeants
  9 wights
  9 killer bees
  An elephant simulacrum (D:13)
  5 electric eels (D:13)
  A howler monkey (D:12)
  A jelly (D:5)
  3 hounds
  2 gnoll boudas
  11 orc priests
  Crazy Yiuf (D:5)
  A sleepcap (D:7)
  Ijyb (D:3)
  Natasha (twice) (D:3)
  10 iguanas
  23 orc wizards
  Terence (D:3)
  7 shapeshifter simulacra (IceCv)
  A spriggan simulacrum (D:13)
  A polar bear simulacrum (D:13)
  Robin (D:2)
  25 gnolls
  9 adders
  2 naga simulacra (D:13)
  A shadow imp (D:5)
  A white imp (D:6)
  2 ufetubi (D:5)
  6 worms
  2 dart slugs (D:1)
  92 orcs
  9 endoplasms
  3 giant cockroaches
  5 goblins (D:2)
  14 hobgoblins
  5 jackals
  16 kobolds
  6 quokkas
  10 ball pythons
  4 bats
  5 frilled lizards
  8 rats
  2 butterflies (Lair:4)
1311 creatures vanquished.

Vanquished Creatures (others)
  A raiju (Gauntlet)
  A spriggan simulacrum (D:13)
2 creatures vanquished.

Grand Total: 1313 creatures vanquished

Notes
Turn   | Place    | Note
-------+----------+-------------------------------------------
     0 | D:1      | Majang the Gargoyle Earth Elementalist began the quest for
                  | the Orb.
     0 | D:1      | Reached XP level 1. HP: 10/10 MP: 3/3
   121 | D:1      | Reached XP level 2. HP: 15/15 MP: 1/5
   296 | D:1      | Found Xecumett's Assorted Antiques.
   299 | D:1      | Bought a scroll labelled BAKLUIGA BAIRGH for 25 gold pieces
   299 | D:1      | Bought a pink potion for 22 gold pieces
   516 | D:1      | You fall into a shaft and drop 1 floor!
   516 | D:2      | Found a radiant altar of Vehumet.
   518 | D:2      | Became a worshipper of Vehumet
   674 | D:1      | Reached XP level 3. HP: 19/19 MP: 4/7
   678 | D:1      | Learned a level 3 spell: Stone Arrow
  1215 | D:1      | Bought a scroll labelled FAEMAC SYCH for 25 gold pieces
  1223 | D:2      | Found Arharghu's Antique Weapon Boutique.
  1477 | D:2      | Reached * piety under Vehumet
  1477 | D:2      | Offered knowledge of Freeze by Vehumet.
  1540 | D:2      | Reached skill level 1 in Conjurations
  1540 | D:2      | Reached XP level 4. HP: 24/24 MP: 4/8
  1847 | D:2      | Noticed Robin
  1871 | D:2      | Killed Robin
  2151 | D:2      | Found Gets's Armour Shoppe.
  2155 | D:2      | Bought a +0 cloak for 45 gold pieces
  2209 | D:3      | Noticed Ijyb
  2345 | D:3      | Reached XP level 5. HP: 27/28 MP: 10/10
  2536 | D:3      | Offered knowledge of Shock by Vehumet.
  2645 | D:3      | Found a faded altar of an unknown god.
  2809 | D:3      | Noticed Natasha
  2813 | D:3      | Killed Natasha
  2890 | D:3      | Noticed Terence
  2913 | D:3      | Killed Ijyb
  2913 | D:3      | Reached ** piety under Vehumet
  3008 | D:3      | Noticed Natasha
  3011 | D:3      | Killed Natasha
  3012 | D:3      | Reached skill level 5 in Earth Magic
  3096 | D:3      | Killed Terence
  3097 | D:3      | Reached XP level 6. HP: 32/32 MP: 12/12
  3561 | D:4      | Found a staircase to the Ecumenical Temple.
  3657 | Temple   | Entered the Ecumenical Temple
  3908 | D:4      | Reached skill level 1 in Fighting
  4041 | D:4      | Noticed Edmund
  4068 | D:4      | Killed Edmund
  4069 | D:4      | Reached skill level 1 in Evocations
  4069 | D:4      | Reached XP level 7. HP: 36/38 MP: 5/14
  4894 | D:5      | Entered Level 5 of the Dungeon
  4928 | D:5      | Offered knowledge of Poisonous Vapours by Vehumet.
  5021 | D:5      | Reached skill level 5 in Spellcasting
  5357 | D:2      | Bought a +2 robe of willpower for 177 gold pieces
  5457 | D:5      | Reached *** piety under Vehumet
  5466 | D:5      | Reached XP level 8. HP: 43/45 MP: 15/15
  5771 | D:5      | Found a runed translucent door.
  5772 | D:5      | Noticed Crazy Yiuf
  5777 | D:5      | Killed Crazy Yiuf
  5783 | D:5      | Identified the +5 hammer of the Jester {venom, rElec rCorr}
  6009 | D:5      | Offered knowledge of Volatile Blastmotes by Vehumet.
  6015 | D:5      | Learned a level 3 spell: Volatile Blastmotes
  6435 | D:5      | Reached skill level 1 in Fire Magic
  6691 | D:6      | Reached XP level 9. HP: 51/51 MP: 18/18
  7039 | D:7      | Noticed PirateVox's ghost (novice TrSu)
  7039 | D:7      | Found a runed translucent door.
  7410 | D:7      | Reached skill level 5 in Conjurations
  7417 | D:7      | Reached **** piety under Vehumet
  7454 | D:7      | Found a white marble altar of Elyvilon.
  7634 | D:7      | Found a shimmering altar of Xom.
  7638 | D:7      | Found a burning altar of Makhleb.
  7640 | D:7      | Found an ancient bone altar of Kikubaaqudgha.
  7852 | D:8      | Noticed Erica
  7860 | D:8      | Killed Erica
  7861 | D:8      | Reached XP level 10. HP: 30/58 MP: 17/20
  7983 | D:8      | Offered knowledge of Fulminant Prism by Vehumet.
  8035 | D:8      | Noticed Psyche
  8038 | D:8      | Killed Psyche
  8117 | D:8      | Reached skill level 5 in Fighting
  8216 | D:8      | Noticed Prince Ribbit
  8221 | D:8      | Killed Prince Ribbit
  8239 | D:8      | Noticed Joseph
  8244 | D:8      | Killed Joseph
  8245 | D:8      | Reached skill level 1 in Staves
  8254 | D:8      | Noticed Pikel
  8256 | D:8      | Killed Pikel
  8257 | D:8      | Reached skill level 5 in Fire Magic
  8728 | D:9      | Found a staircase to the Orcish Mines.
  8729 | D:9      | Found Tyryepir's Armour Shop.
  8742 | D:9      | Learned a level 2 spell: Passwall
  8761 | D:9      | Reached ***** piety under Vehumet
  8833 | D:9      | Found a sacrificial altar of Ru.
  8834 | D:9      | Noticed Grum
  8845 | D:9      | Offered knowledge of Freezing Cloud by Vehumet.
  9297 | D:9      | Reached XP level 11. HP: 64/64 MP: 23/23
  9378 | D:9      | Killed Grum
  9634 | D:10     | Entered Level 10 of the Dungeon
  9829 | D:10     | Noticed Urug
  9837 | D:10     | Killed Urug
 10062 | D:10     | Noticed a two-headed ogre
 10084 | D:10     | Killed a two-headed ogre
 10181 | D:10     | Reached skill level 5 in Evocations
 10424 | D:10     | Reached skill level 5 in Dodging
 10479 | D:10     | Found a glowing silver altar of Zin.
 10818 | D:11     | Noticed a purple ugly thing
 10822 | D:11     | Killed a purple ugly thing
 10940 | D:11     | Noticed a two-headed ogre
 10947 | D:11     | Killed a two-headed ogre
 11047 | D:11     | Found a sacrificial altar of Ru.
 11291 | D:11     | Noticed a two-headed ogre
 11294 | D:11     | Noticed an ogre mage
 11296 | D:11     | Noticed a two-headed ogre
 11298 | D:11     | Noticed a two-headed ogre
 11301 | D:11     | Killed a two-headed ogre
 11302 | D:11     | Noticed a two-headed ogre
 11303 | D:11     | Noticed a two-headed ogre
 11306 | D:11     | Killed an ogre mage
 11307 | D:11     | Reached XP level 12. HP: 43/71 MP: 5/25
 11804 | D:11     | Offered knowledge of Sticky Flame by Vehumet.
 11928 | D:11     | Killed a two-headed ogre
 11930 | D:11     | Killed a two-headed ogre
 12061 | D:11     | Killed a two-headed ogre
 12099 | D:11     | Killed a two-headed ogre
 12283 | D:11     | Found a staircase to the Lair.
 12545 | Lair:1   | Entered Level 1 of the Lair of Beasts
 12741 | Lair:1   | Noticed Nergalle
 12746 | Lair:1   | Killed Nergalle
 12794 | Lair:1   | Learned a level 4 spell: Sticky Flame
 13273 | Lair:1   | Reached skill level 10 in Spellcasting
 13455 | Lair:1   | Reached XP level 13. HP: 76/76 MP: 27/27
 13546 | Lair:1   | Reached skill level 5 in Staves
 13574 | Lair:1   | Identified the +4 scale mail of Azoefeuh {rN+}
 13815 | Lair:1   | Identified the +2 rapier "Jilewk" {freeze, Int+3}
 14000 | Lair:2   | Found a staircase to the Snake Pit.
 14758 | Lair:3   | Reached skill level 10 in Earth Magic
 15395 | Lair:3   | Learned a level 5 spell: Irradiate
 15861 | Lair:3   | Found a staircase to the Shoals.
 16530 | Lair:4   | Noticed Josephine
 16537 | Lair:4   | Killed Josephine
 16701 | Lair:4   | Noticed Sonja
 16706 | Lair:4   | Killed Sonja
 16914 | Lair:4   | Found a runed translucent door.
 16917 | Lair:4   | Noticed an acid blob
 16918 | Lair:4   | Found a staircase to the Slime Pits.
 16918 | Lair:4   | Noticed an acid blob
 16938 | Lair:5   | Entered Level 5 of the Lair of Beasts
 17145 | Lair:5   | Found a gate leading to a gauntlet.
 17151 | Lair:5   | Gained mutation: Your large and strong wings let you fly.
                  | [Gargoyle growth]
 17151 | Lair:5   | Reached XP level 14. HP: 84/84 MP: 28/28
 17248 | Gauntlet | Entered a Gauntlet
 17248 | Gauntlet | Found a transporter.
 17248 | Gauntlet | Found a transporter.
 17248 | Gauntlet | Found a transporter.
 17252 | Gauntlet | Found a transporter.
 17252 | Gauntlet | Found a transporter.
 17260 | Gauntlet | Found the necklace of Bloodlust {Fury *Rage Will++ Int-3
                  | Slay+6}
 17265 | Gauntlet | Found a transporter.
 17271 | Gauntlet | Found a transporter.
 17337 | Gauntlet | Found a transporter.
 17354 | Gauntlet | Found a transporter.
 17369 | Gauntlet | Found a transporter.
 17382 | Gauntlet | Found a transporter.
 17397 | Gauntlet | Found a transporter.
 17590 | Gauntlet | Reached skill level 10 in Fire Magic
 17898 | Gauntlet | Identified the +7 short sword "Lifebane" {venom, rCorr}
 17906 | Gauntlet | Got the Incunable of Therianthropy
 17908 | Gauntlet | Identified the +0 kite shield "Nycecil" {Int+2}
 17977 | Lair:5   | Identified the +9 quarterstaff "Buqij" {heavy, rC+ Str+5}
 18258 | Lair:5   | Offered knowledge of Starburst by Vehumet.
 18266 | Lair:5   | Learned a level 6 spell: Starburst
 19288 | D:8      | Identified the +2 robe "Saxeing" {*Corrode rElec Str+7
                  | Stlth-}
 19406 | D:1      | Bought a condenser vane for 1000 gold pieces
 19543 | Orc:1    | Entered Level 1 of the Orcish Mines
 19884 | Orc:1    | Found a runed translucent gate.
 19884 | Orc:1    | Found a runed translucent gate.
 19884 | Orc:1    | Found a runed translucent gate.
 19932 | Orc:1    | Found Cism's General Store.
 19959 | Orc:1    | Noticed Elmgren's ghost (novice MiBe)
 19972 | Orc:1    | Noticed an orc warlord
 20098 | Orc:1    | Killed an orc warlord
 20503 | Orc:1    | Found Ehirhif's Jewellery Shoppe.
 20507 | Orc:1    | Found Pibysk's Assorted Antiques.
 20914 | Orc:1    | Found Hachasom's General Store.
 20938 | Orc:1    | Bought a tiny zirconium amulet for 140 gold pieces
 20973 | Orc:1    | Offered knowledge of Conjure Ball Lightning by Vehumet.
 21288 | Orc:2    | Entered Level 2 of the Orcish Mines
 21671 | Orc:2    | Found a staircase to the Elven Halls.
 21776 | Orc:2    | Noticed Jorgrun
 21781 | Orc:2    | Reached XP level 15. HP: 62/90 MP: 30/30
 21787 | Orc:2    | Killed Jorgrun
 22727 | Orc:2    | Found Veyhuq's Weapon Shop.
 22727 | Orc:2    | Found Ropegat's Book Shoppe.
 22729 | Orc:2    | Found Loikiod's Jewellery Emporium.
 22731 | Orc:2    | Found Sifiet's Antique Armour Boutique.
 22739 | Orc:2    | Bought a book of the Earth for 800 gold pieces
 22747 | Orc:2    | Learned a level 5 spell: Lee's Rapid Deconstruction
 22754 | Orc:2    | Learned a level 6 spell: Leda's Unmaking
 23429 | D:12     | Found a portal to a secret trove of treasure.
 23482 | D:12     | Offered knowledge of Fireball by Vehumet.
 23490 | D:12     | Learned a level 5 spell: Fireball
 24059 | D:12     | Upgraded the game from 0.31-a0-152-g6aa68a64a1 to
                  | 0.31-a0-155-gb63f529262
 24219 | Shoals:1 | Entered Level 1 of the Shoals
 24441 | Shoals:1 | Reached skill level 10 in Conjurations
 25690 | Shoals:2 | Found Wuvityl's Book Shop.
 25989 | Shoals:2 | Reached skill level 10 in Fighting
 26094 | Shoals:2 | Noticed Polyphemus
 26102 | Shoals:2 | Killed Polyphemus
 26564 | Shoals:2 | Offered knowledge of Eringya's Noxious Bog by Vehumet.
 26690 | Shoals:2 | Reached XP level 16. HP: 97/97 MP: 31/32
 27801 | Shoals:3 | Reached skill level 1 in Shields
 28361 | Shoals:3 | Noticed Nikola
 28931 | Shoals:3 | Killed Nikola
 29620 | Shoals:4 | Entered Level 4 of the Shoals
 29806 | Shoals:4 | Found Diuvaela's Self-Improvement Boutique.
 30553 | Shoals:4 | Offered knowledge of Lehudib's Crystal Spear by Vehumet.
 31114 | Shoals:4 | Noticed Donald
 31120 | Shoals:4 | Killed Donald
 31315 | Shoals:4 | Got a barnacled rune of Zot
 32476 | Lair:1   | Learned a level 8 spell: Lehudib's Crystal Spear
 32541 | Snake:1  | Entered Level 1 of the Snake Pit
 32544 | Snake:1  | Reached XP level 17. HP: 102/102 MP: 34/34
 32896 | Snake:1  | Found a shadowy altar of Dithmenos.
 34533 | Snake:2  | Found a gateway to a bazaar.
 35105 | Snake:2  | Reached ****** piety under Vehumet
 35637 | Snake:2  | Reached skill level 5 in Shields
 36617 | Snake:3  | Found Qeqaz's Distillery.
 36619 | Snake:3  | Found Nupaq's Book Shoppe.
 36621 | Snake:3  | Found Buro Tae's Antique Armour Emporium.
 36937 | Snake:4  | Entered Level 4 of the Snake Pit
 37317 | Snake:4  | Noticed Asterion
 37324 | Snake:4  | Killed Asterion
 37533 | Snake:4  | Reached XP level 18. HP: 106/107 MP: 36/36
 37876 | Snake:4  | Offered knowledge of Shatter by Vehumet.
 37876 | Snake:4  | Offered knowledge of Ignition by Vehumet.
 37876 | Snake:4  | Offered knowledge of Maxwell's Capacitive Coupling by
                  | Vehumet.
 38930 | Snake:4  | Got a serpentine rune of Zot
 39301 | Elf:1    | Entered Level 1 of the Elven Halls
 39457 | Elf:1    | Found a radiant altar of Vehumet.
 39620 | Elf:1    | Reached skill level 10 in Evocations
 39744 | Elf:1    | Got the Folio of the Impact
 39993 | Elf:1    | Noticed a deep elf blademaster
 40042 | Elf:1    | Found a bloodstained altar of Trog.
 40050 | Elf:1    | Noticed Deamich's ghost (journeyman DsBr)
 40051 | Elf:1    | Noticed a deep elf blademaster
 40053 | Elf:1    | Noticed a deep elf blademaster
 40065 | Elf:1    | Found a transporter.
 40069 | Elf:1    | Found a transporter.
 40072 | Elf:1    | Found Feunt's Book Emporium.
 40662 | Elf:2    | Reached skill level 10 in Staves
 41355 | Elf:1    | Found an ancient bone altar of Kikubaaqudgha.
 41507 | Elf:2    | Found a runed translucent gate.
 41508 | Elf:2    | Found a runed translucent gate.
 41508 | Elf:2    | Found a runed translucent gate.
 41791 | Elf:2    | Noticed a deep elf blademaster
 41796 | Elf:2    | Killed a deep elf blademaster
 41800 | Elf:2    | Reached skill level 15 in Spellcasting
 42091 | Elf:2    | Reached XP level 19. HP: 107/112 MP: 13/38
 43266 | D:13     | Found a runed translucent door.
 43274 | D:13     | Found a runed translucent door.
 43296 | D:13     | Noticed Amenor's ghost (journeyman OpFE)
 43303 | D:13     | Noticed Azrael
 43309 | D:13     | Killed Azrael
 43318 | D:13     | Found a frozen archway.
 43391 | IceCv    | Entered an ice cave
 43589 | IceCv    | Found the +3 pair of gauntlets of War {Slay+5}
 43999 | IceCv    | Found a viscous altar of Jiyva.
 44054 | IceCv    | Identified the +0 robe of Dulioriysa {rN++}
 44266 | D:13     | Noticed Snorg
 44271 | D:13     | Killed Snorg
 44634 | D:13     | Found a shimmering blue altar of Sif Muna.
 44681 | D:13     | Reached skill level 10 in Dodging
 44986 | D:13     | Found a gate to the Vaults.
 45350 | D:13     | Killed Amenor's ghost
 45573 | D:13     | Learned a level 8 spell: Ignition
 46194 | D:14     | Identified the amulet of Ojev {Fly Regen+ Str+5 Int+2}
 46598 | D:15     | Entered Level 15 of the Dungeon
 47312 | D:15     | Found a staircase to the Depths.
 47534 | D:15     | Reached skill level 15 in Earth Magic
 48409 | Vaults:1 | Entered Level 1 of the Vaults
 48420 | Vaults:1 | Reached XP level 20. HP: 89/117 MP: 15/40
 48516 | Vaults:1 | Reached skill level 15 in Conjurations
 48570 | Vaults:1 | Reached skill level 15 in Fire Magic
 49183 | Vaults:1 | Identified the +2 broad axe of the Establishment {drain,
                  | rElec}
 49405 | Vaults:1 | Got Aruem's Discursus on the Missiles
 51325 | Vaults:2 | Found a staircase to the Crypt.
 51493 | Vaults:2 | Found Nenil's Armour Boutique.
 52726 | Vaults:3 | Killed from afar by a tengu reaver

Illustrated notes

Levels and vault maps discovered:
D:1:      wheals_arrival_shading, layout_basic, serial_corexii_hall,
          chequers_hall_statues_corner_a, corexii_hall_statues_x, serial_shops,
          shop
D:2:      minmay_recursive_quarters, layout_rooms, basic_altar, serial_shops,
          nicolae_shop_back_alley_shop, nicolae_diamond_shop, minmay_distorted,
          uniq_robin
D:3:      layout_loops_ring, shapermc_ecumenical_altar_hornbeckon,
          kennysheep_generic_room_7, uniq_terence, uniq_natasha, uniq_ijyb
D:4:      layout_basic, minmay_temple_entry_mist, nrook_mini_vaults, uniq_edmund
D:5:      minmay_polygon_palace, layout_basic, serial_glass, glass_columns_b,
          glass_columns_a, uniq_crazy_yiuf_cottage
D:6:      layout_rooms, minmay_misc_feat_nine_boxes
D:7:      layout_basic, grunt_temple_overflow_open, gammafunk_ghost_grave,
          kennysheep_generic_room_4
D:8:      layout_basic, uniq_prince_ribbit1, uniq_erica, uniq_pikel,
          uniq_joseph, uniq_psyche
D:9:      layout_roguey, amcnicky_altar_gilded, orc_david_3, uniq_grum
D:10:     layout_loops_ring, mainiacjoe_overflow_concentric_impassable,
          minivault_16, uniq_urug
D:11:     cheibrodos_orc_bank, layout_loops_ring, minmay_lair_entry_lava,
          nicolae_ru_the_path_less_chosen
D:12:     layout_cave_pools, nicolae_trove_entry_free_sample
D:13:     layout_basic, grunt_vaults_entry_fortified,
          muffindrake_ghost_dual_entry, portal_ice_cave_entry_ice_simulacra,
          st_stairs_14, kennysheep_orc_sif_temple, uniq_azrael, uniq_snorg
D:14:     layout_roguey, serial_rivers, chequers_serial_rivers_large_a,
          chequers_serial_rivers_large_b, chequers_serial_rivers_small_b,
          chequers_serial_rivers_micro_b, chequers_serial_rivers_small_b,
          chequers_serial_rivers_room_a, nrook_guardian_serpent_ordinary
D:15:     hangedman_depths_entry_try_elsewhere_first, layout_loops_cross,
          grunt_decor_one_mirror, minmay_the_grid_2x2
          [minmay_the_grid_diamond_grid, minmay_the_grid_odd_star,
          minmay_the_grid_spikes, minmay_the_grid_prize_inner_circle]
Temple:   regret_index_temple_sphere_string
Lair:1:   layout_loops_ring, uniq_nergalle
Lair:2:   layout_cellular_growth, minmay_snake_entry_guardpost_small
Lair:3:   layout_chaotic_city, elwin_shoals_entry_rooms, grunt_megastairs_1
Lair:4:   layout_gridlike, slime_entry_2, lemuel_fruit_tree,
          lemuel_fruit_fields, uniq_josephine, uniq_sonja
Lair:5:   minmay_lair_end_frog_pond, layout_loops_ring, gauntlet_entry_generic,
          serial_bayou_pond_e
Shoals:1: layout_shoals
Shoals:2: layout_shoals, serial_shops, shop, uniq_polyphemus
Shoals:3: layout_shoals, nicolae_shoals_the_drawing_of_the_three, uniq_nikola
Shoals:4: shoals_end_grunt_ice, layout_shoals, nicolae_shop_self_help,
          uniq_donald
Snake:1:  cheibrodos_forgotten_conduit, layout_misc_corridors, basic_altar,
          drop_trap, nicolae_triple_integral
Snake:2:  layout_cave_pods, serial_shops, bzr_entry_water
Snake:3:  layout_cave_shapes, st_stairs_10, minmay_shop_star
Snake:4:  minmay_snake_end_coiled, layout_onion, uniq_asterion
Orc:1:    cheibrodos_orc_arena, layout_diamond_mine, gammafunk_ghost_necromancy,
          serial_shops, shop, basic_altar, guppyfry_orc_lava_fort
Orc:2:    st_orc_rangers, layout_caves, uniq_jorgrun
Elf:1:    eino_elf_arrival_the_gate, layout_gridlike, serial_shops,
          nicolae_book_shop_shelving, basic_altar,
          gammafunk_ghost_wrathful_warriors, minmay_elf_annihilation, drop_trap,
          kb_rosetta, lemuel_upstairs_altar
Elf:2:    nicolae_elf_blades_crystal_corner, layout_onion_city,
          nicolae_twisting_strands
Vaults:1: st_diamondy, nicolae_vaults_little_squares_4, nicolae_vaults_asterisk,
          v_misc_3, v_misc_25, nicolae_vaults_sealed_display, v_pattern_3,
          vaults_room_stairs_pillars, vaults_dpeg_spiral,
          hangedman_vaults_unwind, nicolae_vaults_circle_grid_a,
          nicolae_vaults_tangram_1, nicolae_vaults_storage_room_statues,
          hangedman_vaults_nails, vaults_dpeg_ring,
          nicolae_vaults_sesquioval_fish, layout_vaults_maze_bifur
Vaults:2: nicolae_vaults_network_s, v_misc_8, nicolae_vaults_shrinking_rooms_2,
          vaults_room_corners, v_pattern_1, nicolae_vaults_cochlea,
          nicolae_vaults_tetromino_L_1, dpeg_vaults_monster_box,
          nicolae_vaults_yaktaur_gun_rack, nicolae_vaults_house_1,
          layout_vaults_chaotic_city, dummy_crypt_entry, serial_shops,
          nicolae_diamond_shop
Vaults:3: nicolae_vaults_tetromino_L_2, nicolae_vaults_big_ls, st_cross,
          nicolae_vaults_little_squares_5, nicolae_vaults_house_3,
          vaults_room_semicircle, v_misc_9, vaults_dpeg_emergency_exit,
          nicolae_vaults_trapezoid_lopsided_1, layout_vaults_omnigrid

Skill      XL: |  1  2  3  4  5  6  7  8  9 10 11 12 13 14 15 16 17 18 19 20 |
---------------+-------------------------------------------------------------+-----
Earth Magic    | 4 5 6 7 8 9 10 11 12 13 14 15 | 15.8
Spellcasting   | 3 4 5 6 7 8 9 10 11 12 13 14 15 16 | 16.8
Conjurations   | 1 2 3 4 5 6 7 8 9 10 11 12 13 14 15 | 15.7
Fighting       | 1 2 3 4 5 6 7 8 9 10 | 10.0
Dodging        | 2 3 4 5 6 7 8 9 10 | 10.0
Evocations     | 1 2 3 4 5 6 7 8 9 10 | 10.0
Fire Magic     | 1 4 5 7 8 9 11 12 13 14 16 | 16.0
Staves         | 2 3 4 6 7 8 9 10 11 12 | 12.0
Shields        | 3 5 6 |  6.0
Stealth        | |  2.1
Transmutations | |  0.7

Action                     |  1- 3 |  4- 6 |  7- 9 | 10-12 | 13-15 | 16-18 | 19-21 || total
---------------------------+-------+-------+-------+-------+-------+-------+-------++-------
  Melee: Flail             |       |       |     1 |       |       |       |       ||     1
         Quarterstaff      |       |       |     7 |    28 |   183 |       |       ||   218
         Staff             |       |       |       |       |    80 |   117 |    85 ||   282
   Cast: Sandblast         |    54 |   101 |   149 |   210 |   189 |       |       ||   703
         Stone Arrow       |       |     8 |    38 |   174 |   299 |       |       ||   519
         Sticky Flame      |       |       |       |     7 |    68 |     2 |       ||    77
         Irradiate         |       |       |       |       |    14 |       |     1 ||    15
         Fireball          |       |       |       |       |    68 |   202 |    43 ||   313
         Leda's Unmaking   |       |       |       |       |    49 |   131 |    96 ||   276
         Lee's Rapid Decon |       |       |       |       |    14 |   229 |   178 ||   421
         Starburst         |       |       |       |       |     3 |    19 |     5 ||    27
         Lehudib's Crystal |       |       |       |       |       |       |    31 ||    31
         Ignition          |       |       |       |       |       |       |     7 ||     7
         Passwall          |       |       |       |       |       |       |     2 ||     2
  Evoke: Wand              |       |       |     1 |     6 |     3 |     2 |     5 ||    17
         Condenser vane    |       |       |       |       |     1 |     2 |       ||     3
    Use: Scroll            |       |    14 |     9 |     9 |     7 |     4 |     3 ||    46
         Potion            |       |     1 |     1 |     1 |     4 |       |     3 ||    10
 Armour: Robe              |     5 |    22 |    73 |   128 |   322 |    68 |    52 ||   670
  Dodge: Dodged            |    11 |    38 |    74 |   191 |   407 |    71 |    56 ||   848
  Block: Other             |       |       |       |       |    41 |       |       ||    41
         Reflection        |       |       |       |       |    14 |    27 |    17 ||    58
         Buckler           |       |       |       |       |       |    77 |    39 ||   116

Table legend: (Time is in decaauts)
 A = Elapsed time spent in this place.
 B = Non-inter-level travel time spent in this place.
 C = Inter-level travel time spent in this place.
 D = Time resting spent in this place.
 E = Time spent auto-exploring this place.
 F = Levels seen in this place.
 G = Mean time per level.
                   A        B        C        D        E       F      G
               +--------+--------+--------+--------+--------+-----+--------+
         Total |  53251 |  49494 |   3757 |  21739 |   3492 |  38 | 1401.3 |
       Dungeon |  19804 |  17787 |   2017 |   6529 |   2205 |  15 | 1320.3 |
        Temple |    188 |    153 |     35 |      0 |      0 |   1 |  188.0 |
          Lair |   6729 |   5918 |    811 |   2042 |    164 |   5 | 1345.8 |
        Shoals |   7800 |   7551 |    249 |   4566 |    335 |   4 | 1950.0 |
     Snake Pit |   6610 |   6421 |    189 |   3426 |    308 |   4 | 1652.5 |
  Orcish Mines |   3206 |   2991 |    215 |   1178 |    116 |   2 | 1603.0 |
   Elven Halls |   3490 |   3338 |    152 |   1523 |    213 |   2 | 1745.0 |
        Vaults |   4013 |   3926 |     87 |   1805 |    151 |   3 | 1337.7 |
      Ice Cave |    745 |    745 |      0 |    435 |      0 |   1 |  745.0 |
      Gauntlet |    662 |    662 |      0 |    235 |      0 |   1 |  662.0 |
               +--------+--------+--------+--------+--------+-----+--------+

Top non-repeatable levels by time:
Shoals:3: 2529 daAuts
    D:13: 2295 daAuts
   Elf:2: 2252 daAuts
    D:11: 2234 daAuts
 Snake:2: 2226 daAuts
Shoals:2: 2218 daAuts
Vaults:2: 2134 daAuts
 Snake:4: 2015 daAuts
   Orc:1: 1859 daAuts
Shoals:4: 1664 daAuts
     D:5: 1639 daAuts
Vaults:1: 1630 daAuts
 Snake:1: 1542 daAuts
  Lair:1: 1542 daAuts
  Lair:5: 1477 daAuts
